 Dungeon Crawl Stone Soup version 0.30.0-2-g1aa4bd4387 (webtiles) character file.

Game seed: 10420007797412880260

1224 KamiKatze the Chopper (level 8, -3/51 HPs)
             Began as a Gargoyle Berserker on May 7, 2023.
             Was a Believer of Trog.
             Killed from afar by an orc wizard (5 damage)
             ... with a puff of flame
             ... on level 5 of the Dungeon.
             The game lasted 00:10:53 (3967 turns).

KamiKatze the Chopper (Gargoyle Berserker)          Turns: 3967, Time: 00:10:54

Health: -3/51      AC: 13    Str: 29    XL:     8   Next: 47%
Magic:  8/8        EV: 11    Int:  8    God:    Trog [**....]
Gold:   197        SH:  5    Dex:  9    Spells: 7/7 levels left

rFire   . . .        a - +0 hand axe
rCold   . . .        (no shield)
rNeg    + + .        G - +1 ring mail {rN+}
rPois   ∞            (no helmet)
rElec   +            v - +0 cloak
rCorr   .            (no gloves)
SInv    .            (no boots)
Will    ++...        s - amulet of reflection Stlth
                     m - +6 ring of strength
HPRegen 1.28/turn    (no ring)
MPRegen 0.11/turn

%: reflection
@: strong-willed, on berserk cooldown, regenerating
A: sickness immunity, AC +5, negative energy resistance 1, electricity
resistance, torment resistance 1, petrification resistance
a: Renounce Religion, Berserk, Trog's Hand


You were on level 5 of the Dungeon.
You worshipped Trog.
Trog was pleased with you.
You visited 1 branch of the dungeon, and saw 6 of its levels.

You collected 197 gold pieces.

Inventory:

Hand Weapons
 a - a +0 hand axe (weapon)
 u - a +0 war axe
 w - a +0 morningstar
 D - a +0 broad axe
Missiles
 C - a throwing net (quivered)
Armour
 v - a +0 cloak (worn)
 y - a +0 kite shield
 G - a +1 ring mail of positive energy (worn)
Jewellery
 m - a +6 ring of strength (left hand)
 s - an amulet of reflection (around neck)
Wands
 o - a wand of paralysis (11)
 r - a wand of acid (11)
 x - a wand of roots (6)
 A - a wand of digging (6)
Scrolls
 b - a scroll of immolation {unknown}
 c - 3 scrolls of noise {unknown}
 h - 3 scrolls of identify
 i - a scroll of teleportation {unknown}
 k - 2 scrolls of fear
 l - a scroll of magic mapping {unknown}
 z - a scroll of brand weapon {unknown}
 B - a scroll of enchant weapon {unknown}
 E - a scroll of blinking {unknown}
 F - a scroll of amnesia {unknown}
Potions
 e - 5 potions of attraction
 f - 3 potions of brilliance {unknown}
 g - a potion of cancellation {unknown}
 j - 3 potions of curing {unknown}
 n - 2 potions of heal wounds {unknown}
 p - 2 potions of berserk rage {unknown}
 q - a potion of might {unknown}


   Skills:
 - Level 6.0 Fighting
 * Level 7.5 Axes
 - Level 2.0 Throwing
 - Level 3.0 Armour
 - Level 2.0 Dodging
 - Level 2.0 Evocations


You had 7 spell levels left.
You didn't know any spells.
Your spell library was empty.

Dungeon Overview and Level Annotations

Branches:
Dungeon (6/15)
 Temple: D:4-7

Altars:
Cheibriados
Makhleb

Annotations:
D:3 dig in d:1


Innate Abilities, Weirdness & Mutations

You are immune to sickness and miasma.
Your stone body is resilient. (AC +5)
You are immune to poison.
You resist negative energy. (rN+)
You are resistant to electric shocks. (rElec)
You are resistant to unholy torment.
You are immune to petrification.


Message History

You destroy the phantom!
Trog accepts your kill.
Your skin stops crawling.
You feel less strong-willed.
The ogre seems to regain its courage.
You are confused.
Okay, then.
An orc wizard appears from thin air!
Reactivating autopickup.
The ogre attacks as you move away! The ogre closely misses you.
The orc wizard hits you but does no damage.
The ogre closely misses you.
There is a stone staircase leading down here.
The ogre attacks as you move away! The ogre barely misses you.
You feel yourself speed up.
You feel less confused.
Your skin crawls.
You feel strong-willed. The orc wizard misses you.
Unknown command.
You're still recovering from your berserk rage.
You hit the ogre.
The ogre is lightly wounded.
You barely miss the orc wizard. The ogre hits you with a +0 giant club!
The orc wizard casts a spell.
The orc wizard flickers and vanishes!
Deactivating autopickup; reactivate with Ctrl-A.
You slash the ogre!
The ogre is heavily wounded.
You barely miss something.
You hear some strange, mumbled words.
A puff of flame appears from out of thin air!
The puff of flame hits you!
You barely miss the ogre.
The ogre is heavily wounded.
You hit something.
The ogre hits you with a +0 giant club!!
* * * LOW HITPOINT WARNING * * *
You hear some strange, mumbled words.
A puff of flame appears from out of thin air!
The puff of flame hits you.
You die...

...#...#..# #.......# .#.#.
........._#..... #.......# ...#.
...#...#..#..... #.......##.#...
..........#....####...>......#.#
###########....#.....##'#.##....
..........#....#.....#....##)#.##
).........+....#.....#...........
..........#....#O{...#....##.###.
..........###'##@....##.........
......................#...####.#
<.########............#...# .#
..'......#............#..... |
..#......#............#...... .
###......#............#####...# .
..+......############... ####
..#.......# ... ..#.......#


You could see an ogre.

Vanquished Creatures
  Grinder (D:4)
  Sigmund (D:2)
  An ice beast (D:5)
  3 phantoms
  3 scorpions
  An orc priest (D:4)
  Crazy Yiuf (D:4)
  Natasha (thrice) (D:2)
  6 gnolls
  10 adders
  3 ufetubi
  A dart slug (D:4)
  9 orcs
  5 ball pythons
  A bat (D:2)
  6 endoplasms
  3 giant cockroaches
  6 goblins
  3 hobgoblins
  8 jackals (D:3)
  6 kobolds
  3 quokkas (D:2)
  3 frilled lizards
  5 rats
92 creatures vanquished.

Vanquished Creatures (others)
  3 plants (D:2)
3 creatures vanquished.

Grand Total: 95 creatures vanquished

Notes
Turn   | Place    | Note
-------+----------+-------------------------------------------
     0 | D:1      | KamiKatze the Gargoyle Berserker began the quest for the
                  | Orb.
     0 | D:1      | Reached XP level 1. HP: 14/14 MP: 1/1
    74 | D:1      | Noticed a golden eye
    77 | D:1      | Found a faded altar of an unknown god.
    78 | D:1      | Noticed a great orb of eyes
    78 | D:1      | Noticed a great orb of eyes
    78 | D:1      | Noticed a golden eye
   258 | D:1      | Reached XP level 2. HP: 14/19 MP: 2/2
   402 | D:1      | Reached skill level 3 in Axes
   764 | D:2      | Noticed Natasha
   766 | D:2      | Reached XP level 3. HP: 23/23 MP: 3/3
   770 | D:2      | Killed Natasha
   837 | D:2      | Found a snail-covered altar of Cheibriados.
   865 | D:2      | Noticed Natasha
   875 | D:2      | Killed Natasha
   876 | D:2      | Reached skill level 1 in Throwing
   876 | D:2      | Reached skill level 1 in Evocations
   876 | D:2      | Reached XP level 4. HP: 28/28 MP: 4/4
  1363 | D:2      | Noticed Sigmund
  1368 | D:2      | Noticed Natasha
  1374 | D:2      | Killed Sigmund
  1375 | D:2      | Reached skill level 4 in Axes
  1375 | D:2      | Reached XP level 5. HP: 33/33 MP: 5/5
  1375 | D:2      | Reached XP level 6. HP: 38/38 MP: 6/6
  1375 | D:2      | Killed Natasha
  1516 | D:2      | Reached ** piety under Trog
  2677 | D:4      | Reached skill level 5 in Axes
  2677 | D:4      | Reached XP level 7. HP: 36/44 MP: 7/7
  2717 | D:4      | Noticed Grinder
  2726 | D:4      | Paralysed by Grinder for 2 turns
  2728 | D:4      | Killed Grinder
  2729 | D:4      | Reached skill level 5 in Fighting
  2811 | D:4      | You fall into a shaft and drop 2 floors!
  2908 | D:5      | Entered Level 5 of the Dungeon
  2947 | D:4      | Found a runed translucent door.
  2948 | D:4      | Noticed Crazy Yiuf
  2963 | D:4      | Killed Crazy Yiuf
  2964 | D:4      | Reached skill level 6 in Axes
  3276 | D:4      | Reached XP level 8. HP: 50/51 MP: 8/8
  3779 | D:5      | Reached *** piety under Trog
  3780 | D:5      | Reached skill level 7 in Axes
  3809 | D:5      | Found a burning altar of Makhleb.
  3967 | D:5      | HP: 2/51 [ogre/+0 giant club (25)]
  3967 | D:5      | Killed from afar by an orc wizard

Illustrated notes

Levels and vault maps discovered:
D:1:      saegor_arrival_simple_d, layout_basic,
          hellmonk_ecumenical_altar_watching_god
D:2:      layout_loops_ring, basic_altar, serial_forest,
          infiniplex_forest_straight_5, infiniplex_forest_3_way,
          infiniplex_forest_straight_2, infiniplex_forest_lined_room_,
          infiniplex_forest_clump_tiny, infiniplex_forest_pool,
          infiniplex_forest_lined_3, uniq_sigmund, uniq_natasha
D:3:      layout_basic, lightli_corner_chamber
D:4:      layout_loops_ring, uniq_grinder, uniq_crazy_yiuf_cottage
D:5:      layout_gridville, lemuel_coloured_pillars_altar, grunt_ministairs_2,
          minmay_diced_spiral
D:6:      layout_loops_corners, grunt_ministairs_10, uniq_pikel

Skill      XL: |  1  2  3  4  5  6  7  8 |
---------------+-------------------------+-----
Axes           | 3 4 5 6 7 |  7.5
Throwing       | 1 2 |  2.0
Evocations     | 1 2 |  2.0
Dodging        | 2 |  2.0
Fighting       | 4 5 6 |  6.0
Armour         | 3 |  3.0

Action                     |  1- 3 |  4- 6 |  7- 9 || total
---------------------------+-------+-------+-------++-------
  Melee: Hand axe          |    36 |   165 |   118 ||   319
         Punch             |       |       |     3 ||     3
 Invoke: Berserk           |     3 |     1 |     2 ||     6
         Trog's Hand       |       |       |     4 ||     4
    Use: Scroll            |       |       |     2 ||     2
 Armour: Ring mail         |    11 |    63 |    41 ||   115
  Dodge: Dodged            |    13 |    82 |    66 ||   161
  Block: Other             |       |    17 |    31 ||    48
         Reflection        |       |     2 |       ||     2
